 Dungeon Crawl Stone Soup version 0.20.1-1-g8b1a95d (console) character file.

522 refael the Gusty (level 7, -6/41 HPs)
             Began as a Halfling Air Elementalist on July 7, 2017.
             Mangled by Duvessa
             ... wielding a +0 short sword
              (16 damage)
             ... on level 4 of the Dungeon.
             The game lasted 00:18:23 (3047 turns).

refael the Gusty (Halfling Air Elementalist)        Turns: 3047, Time: 00:18:23

Health: -6/41      AC:  6    Str:  9    XL:     7   Next: 46%
Magic:  0/9        EV: 17    Int: 15    God:
Gold:   184        SH:  0    Dex: 15    Spells: 8/9 levels left

rFire    . . .     SeeInvis .   j - +2 dagger (drain)
rCold    . . .     Gourm    .   (shield restricted)
rNeg     + . .     Faith    .   w - +0 robe {rN+}
rPois    .         Spirit   .   (no helmet)
rElec    .         Reflect  .   q - +1 cloak
rCorr    .         Harm     .   n - +1 pair of gloves
MR       +....                  (no boots)
Stlth    +++.......             d - amulet of magic regeneration
Regen    0.2/turn               l - ring of protection from magic
MPRegen  0.2/turn               a - ring of wizardry

@: very slightly contaminated
A: mutation resistance 1
a: no special abilities


You were on level 4 of the Dungeon.
You were hungry.

You visited 1 branch of the dungeon, and saw 4 of its levels.

You collected 184 gold pieces.

Inventory:

Hand Weapons
 h - a +2 antimagic dagger
 j - a +2 dagger of draining (weapon)
Missiles
 u - 20 poisoned needles
Armour
 n - a +1 pair of gloves (worn)
 q - a +1 cloak (worn)
 w - a +0 robe of positive energy (worn)
Jewellery
 a - a ring of wizardry (right hand)
 d - an amulet of magic regeneration (around neck)
 g - an uncursed ring of teleportation
 l - a ring of protection from magic (left hand)
Wands
 v - a wand of iceblast (9/15)
Scrolls
 e - 3 scrolls of teleportation
 f - a scroll of identify
 m - 2 scrolls of enchant armour {unknown}
 o - a scroll of fog {unknown}
 p - a scroll of noise {unknown}
 t - a scroll of recharging {unknown}
 x - a scroll of remove curse
 A - a scroll of magic mapping {unknown}
Potions
 i - 2 potions of haste
 s - a potion of heal wounds
Books
 b - a book of Air

   Spells                             Type                      Level
   a - Shock                          Conjuration/Air              1
   b - Swiftness                      Charms/Air                   2
   c - Static Discharge               Conjuration/Air              3
   d - Airstrike                      Air                          4
   e - Lightning Bolt                 Conjuration/Air              5
Comestibles
 c - 2 bread rations
 k - 2 royal jellies
 z - a meat ration


   Skills:
 + Level 4.1 Dodging
 + Level 4.9 Stealth
 - Level 1.5 Spellcasting
 - Level 0.7 Conjurations
 * Level 5.7 Air Magic
 + Level 2.2 Evocations


You had 8 spell levels left.
You knew the following spells:

 Your Spells              Type           Power        Failure   Level  Hunger
a - Shock                 Conj/Air       ##..         2%          1    ##.....


Dungeon Overview and Level Annotations

Branches:
Dungeon (4/15)
 Temple: D:4-7

Altars:
Elyvilon
Nemelex Xobeh
The Shining One

Annotations:
D:3 NorthaanB's ghost, amateur DrTm
D:4 Duvessa


Innate Abilities, Weirdness & Mutations

You are small and have problems with some larger weapons.
You are somewhat resistant to further mutation.


Message History

Unknown command.
You closely miss Duvessa.
Duvessa is moderately wounded.
Duvessa completely misses you.
You are feeling hungry.
You hit Duvessa but do no damage.
Duvessa is moderately wounded.
Duvessa hits you with a short sword. Duvessa hits you with a short sword!
* * * LOW HITPOINT WARNING * * *
You barely miss Duvessa.
Duvessa is moderately wounded.
Duvessa barely misses you.
Casting: Shock
Confirm with . or Enter, or press ? or * to list all spells.
Aiming: Shock
Press: ? - help, Shift-Dir - straight line The zap misses Duvessa.
The zap hits Duvessa.
Duvessa is moderately wounded.
Duvessa hits you with a short sword!
You die...

#.# # #.# ##.
#.# .... #.#
..... ..#
.......#####
###
..........#
.(....###[#
....<. #e#
...... #@#
####.# #.#
#.####.####.#
#........=..#
######.######
#.# #.# #.#
#.#


You could see Duvessa (berserk).

Vanquished Creatures
  A phantom (D:4)
  Blork the orc (D:4)
  A scorpion (D:4)
  Dowan (D:4)
  A bullfrog skeleton (D:4)
  An orc priest (D:4)
  An iguana (D:4)
  2 worker ants (D:4)
  Natasha (D:3)
  An adder (D:4)
  An ooze (D:4)
  An adder skeleton (D:4)
  2 worms
  3 dart slugs
  4 leopard geckos
  7 orcs
  4 ball pythons
  7 bats
  3 giant cockroaches
  10 goblins
  4 hobgoblins
  5 jackals (D:4)
  A quokka (D:3)
  5 frilled lizards
  A jackal skeleton (D:4)
  4 kobolds
  5 rats
78 creatures vanquished.

Notes
Turn   | Place    | Note
-------+----------+-------------------------------------------
     0 | D:1      | refael the Halfling Air Elementalist began the quest for the Orb.
     0 | D:1      | Reached XP level 1. HP: 11/11 MP: 3/3
    32 | D:1      | You fall through a shaft!
   182 | D:1      | Reached XP level 2. HP: 6/17 MP: 0/4
   288 | D:1      | Found a glowing golden altar of the Shining One.
   568 | D:2      | Reached XP level 3. HP: 17/21 MP: 3/5
   585 | D:2      | Found a white marble altar of Elyvilon.
  1557 | D:3      | Reached XP level 4. HP: 26/27 MP: 3/6
  1563 | D:3      | Noticed NorthaanB's ghost (amateur DrTm)
  1594 | D:3      | Reached skill level 4 in Air Magic
  1619 | D:3      | Noticed Natasha
  1623 | D:3      | Killed Natasha
  2186 | D:4      | Reached XP level 5. HP: 31/31 MP: 2/7
  2346 | D:4      | Noticed a phantom
  2388 | D:4      | Killed a phantom
  2388 | D:4      | Reached skill level 5 in Air Magic
  2388 | D:4      | Reached skill level 1 in Evocations
  2388 | D:4      | Reached XP level 6. HP: 31/36 MP: 0/8
  2412 | D:4      | Found a sparkling altar of Nemelex Xobeh.
  2760 | D:4      | Noticed Blork the orc
  2793 | D:4      | Killed Blork the orc
  2793 | D:4      | Reached XP level 7. HP: 28/41 MP: 1/9
  2936 | D:4      | Noticed Dowan
  2938 | D:4      | Noticed Duvessa
  2974 | D:4      | Killed Dowan
  3047 | D:4      | Mangled by Duvessa

Skill      XL: |  1  2  3  4  5  6  7 |
---------------+----------------------+-----
Stealth        | 3 4 |  4.9
Air Magic      | 4 5 |  5.7
Dodging        | 3 4 |  4.1
Evocations     | 1 2 |  2.2
Spellcasting   | |  1.5
Conjurations   | |  0.7

Action                   |  1- 3 |  4- 6 |  7- 9 || total
-------------------------+-------+-------+-------++-------
Melee: Unarmed           |    10 |       |       ||    10
       Dagger            |    37 |    54 |    12 ||   103
Throw: Throwing net      |       |       |     1 ||     1
 Cast: Shock             |    64 |    85 |    35 ||   184
  Use: Scroll            |     1 |     5 |     1 ||     7
       Potion            |       |     1 |     1 ||     2
 Stab: Sleeping          |     4 |     2 |       ||     6
  Eat: Chunk             |     2 |     6 |     2 ||    10
       Fruit             |       |     1 |     1 ||     2
Armor: Robe              |    15 |    18 |     7 ||    40
Dodge: Dodged            |    46 |    68 |    26 ||   140
